Map: Catalyst LE

Players

nothenmore

  • Race: Zerg Zerg
  • League: Master
  • Spawn Location: 5:00

Benzene - Winner!

  • Race: Terran Terran
  • League: Master
  • Spawn Location: 11:00

VOD

Have the link to the VOD?

Description

Time

  • Played on: July 18, 2018, 11:16 p.m.
  • Length: 18:21
Show
View Real Time Build Order
Export as new Build Order

nothenmore Zerg 

Build Orders: Hatch First 

Get SALT Encoding   

  12  0:01  Drone  
  13  0:12  Overlord  
  13  0:17  Drone  
  14  0:31  Drone x2  
  14  0:35  Drone  
  17  0:45  Drone  
  18  0:57  Hatchery  
  17  0:58  Drone  
  18  1:04  Extractor  
  18  1:09  Drone  
  18  1:19  Spawning Pool  
  18  1:21  Drone  
  18  1:28  Drone  
  19  1:39  Drone  
  20  1:49  Overlord  
  20  2:07  Metabolic Boost  
  20  2:08  Hatchery  
  20  2:09  Zergling x4  
  21  2:17  Queen  
  21  2:21  Drone  
  24  2:23  Drone  
  24  2:26  Drone  
  26  2:42  Drone x3  
  29  2:44  Queen  
  29  2:47  Overlord  
  31  2:54  Queen  
  33  3:02  Drone  
  33  3:03  Drone x2  
  36  3:15  Drone x2  
  38  3:20  Queen  
  40  3:30  Queen  
  42  3:39  Drone  
  42  3:40  Drone x6  
  49  3:47  Zergling x2  
  50  3:49  Overlord  
  50  3:52  Overlord  
  50  4:07  Drone x2, Queen  
  54  4:15  Extractor x2  
  52  4:21  Drone x7  
  52  4:22  Overlord  
  59  4:31  Lair, Evolution Chamber  
  59  4:34  Drone x3  
  61  4:51  Zergling x6  
  61  4:52  Zergling x4  
  66  4:56  Queen x2  
  66  4:58  Overlord  
  66  4:59  Overlord  
  70  5:00  Overlord  
  70  5:01  Overlord  
  70  5:04  Zerg Melee Weapons Level 1  
  70  5:05  Drone x2  
  70  5:06  Drone x2  
  74  5:08  Baneling Nest  
  74  5:09  Drone  
  74  5:33  Overseer  
  72  5:37  Spore Crawler  
  69  5:44  Spore Crawler  
  69  5:49  Spore Crawler  
  65  5:54  Drone  
  65  5:55  Drone x19  
  85  6:03  Drone  
  85  6:04  Drone x2  
  86  6:19  Zergling x2  
  86  6:20  Zergling x14  
  86  6:22  Extractor  
  86  6:23  Centrifical Hooks  
  93  6:25  Extractor, Drone  
  93  6:26  Drone  
  93  6:27  Hydralisk Den  
  93  6:37  Pneumatized Carapace  
  93  6:43  Hatchery, Evolution Chamber  
  91  6:50  Overlord  
  91  6:51  Overlord x4  
  91  6:53  Baneling x6  
  91  6:54  Baneling x4  
  91  6:56  Grooved Spines  
  79  7:17  Hydralisk x3  
  79  7:18  Hydralisk x5  
  79  7:19  Zergling x6  
  79  7:20  Zergling x8  
  99  7:34  Zergling x14  
  98  7:40  Queen x3  
  96  7:54  Extractor  
  96  7:55  Zerg Missile Weapons Level 1  
  96  7:57  Queen  
  97  8:00  Drone x2  
  97  8:02  Hydralisk x3, Drone x2  
  97  8:04  Overlord  
  107  8:08  Muscular Augments  
  108  8:34  Drone x6  
  108  8:35  Hatchery, Drone x5  
  117  8:48  Infestation Pit  
  112  8:55  Hydralisk  
  112  8:56  Hydralisk x10  
  112  9:01  Baneling  
  112  9:02  Baneling x10  
  134  9:08  Drone x2  
  134  9:09  Drone x3  
  139  9:10  Zergling x4  
  120  9:43  Hydralisk x10  
  120  9:44  Zergling x2  
  120  9:45  Zergling x20  
  143  9:49  Zerg Ground Armor Level 1  
  143  9:51  Extractor, Queen  
  144  9:53  Extractor  
  144  9:55  Zerg Missile Weapons Level 2  
  144  9:57  Roach Warren  
  142  10:00  Hive  
  142  10:09  Drone x3  
  142  10:10  Drone x4  
  147  10:27  Hatchery  
  139  10:41  Overlord x5  
  139  10:42  Overlord x5  
  139  10:43  Drone x5  
  139  10:44  Drone x3  
  139  10:49  Spine Crawler x2  
  145  10:50  Spore Crawler, Spine Crawler  
  143  11:04  Spine Crawler  
  139  11:05  Spine Crawler  
  139  11:08  Drone  
  139  11:09  Spine Crawler, Drone  
  139  11:10  Drone x2  
  139  11:11  Drone x2  
  138  11:17  Roach x8  
  138  11:18  Roach x2  
  157  11:34  Viper x5  
  157  11:36  Viper  
  175  11:40  Spire, Roach  
  175  11:41  Roach x4  
  184  12:03  Drone x2  
  184  12:04  Drone x13  
  199  12:16  Glial Reconstitution  
  199  12:20  Extractor  
  199  12:22  Extractor  
  177  12:53  Hydralisk x10  
  177  12:54  Hydralisk x4  
  199  13:00  Hydralisk  
  112  13:35  Roach x2  
  112  13:36  Roach x30  
  112  13:37  Roach  
  147  13:53  Roach  
  147  13:54  Roach x4  
  142  14:07  Queen x2  
  142  14:08  Queen x3, Evolution Chamber  
  142  14:09  Evolution Chamber  
  150  14:16  Hydralisk x3  
  150  14:17  Hydralisk x6  
  168  14:35  Ravager  
  168  14:36  Ravager x5  
  168  14:37  Ravager x5  
  168  14:38  Ravager  
  144  14:48  Hatchery  
  144  14:51  Corruptor x3, Overlord  
  144  14:52  Hydralisk  
  126  15:17  Viper  
  126  15:18  Viper x4  
  126  15:20  Zerg Missile Weapons Level 3, Zerg Ground Armor Level 2  
  134  15:38  Hydralisk x6  
  146  15:44  Zerg Flyer Weapons Level 1  
  146  16:03  Overseer  
  146  16:06  Hatchery  
  145  16:12  Hydralisk x4, Roach  
  145  16:14  Roach  
  157  16:22  Drone x6  
  163  16:40  Corruptor  
  163  16:41  Corruptor x2  
  163  16:42  Roach x2  
  163  16:44  Roach  
  175  16:48  Drone x3  
  134  17:21  Hydralisk, Roach  
  134  17:22  Hydralisk x10, Roach  
  131  17:32  Hydralisk x4  
  122  17:52  Hydralisk  
  122  17:53  Hydralisk x5  
Show
View Real Time Build Order
Export as new Build Order

Benzene Terran - Winner!

Build Orders: Reaper Expand, Banshee Rush 

Get SALT Encoding   

  12  0:01  SCV  
  13  0:13  SCV  
  14  0:17  Supply Depot  
  14  0:25  SCV  
  14  0:28  Refinery  
  15  0:39  SCV  
  16  0:45  Barracks  
  16  0:52  SCV  
  17  1:05  SCV  
  18  1:17  SCV  
  19  1:32  Orbital Command  
  19  1:33  Reaper  
  20  1:48  Command Center  
  20  2:03  SCV  
  20  2:04  Factory  
  21  2:13  Bunker  
  21  2:17  SCV  
  21  2:20  Refinery, Barracks Reactor  
  22  2:28  Supply Depot  
  22  2:30  SCV  
  23  2:50  SCV  
  24  3:01  Orbital Command  
  24  3:02  SCV  
  25  3:08  Hellion  
  25  3:09  Starport, Hellion  
  25  3:10  Barracks Tech Lab  
  29  3:19  SCV  
  30  3:31  SCV x2  
  32  3:35  Hellion  
  32  3:36  Refinery, Hellion  
  36  3:43  SCV  
  36  3:45  SCV  
  36  3:47  Barracks Reactor  
  38  3:55  SCV  
  39  3:57  Cloaking Field  
  39  3:58  Banshee  
  42  4:03  SCV  
  42  4:08  Hellion  
  42  4:09  SCV  
  45  4:13  Supply Depot  
  45  4:15  Supply Depot  
  45  4:16  Armory  
  45  4:19  SCV  
  46  4:35  Cyclone x2, SCV  
  46  4:36  Supply Depot  
  46  4:38  Supply Depot  
  53  4:39  SCV  
  54  4:47  Banshee  
  54  4:49  SCV  
  58  5:02  SCV x2, Factory  
  58  5:05  Refinery, Supply Depot  
  60  5:10  Cyclone  
  63  5:14  SCV x2  
  65  5:23  Supply Depot  
  65  5:26  SCV x2  
  65  5:27  Cyclone  
  70  5:37  Terran Vehicle Weapons Level 1  
  70  5:38  SCV x2  
  70  5:42  Banshee  
  75  5:50  Supply Depot, SCV x2  
  75  5:53  Cyclone  
  75  5:54  Hellion x2  
  84  5:57  Supply Depot  
  84  5:59  Supply Depot  
  84  6:02  SCV x2  
  86  6:10  Supply Depot  
  86  6:13  Cyclone  
  86  6:15  SCV x2  
  86  6:18  Hellion x2  
  95  6:22  Supply Depot  
  92  6:28  Medivac  
  92  6:32  Cyclone  
  97  6:36  Supply Depot  
  97  6:37  SCV x2  
  99  6:52  Barracks Tech Lab  
  99  6:54  Factory  
  99  6:56  Factory  
  99  6:59  SCV  
  99  7:00  SCV  
  101  7:05  Hellion x2  
  101  7:06  Hellion  
  89  7:27  Cyclone  
  89  7:28  Medivac, Hellion x2  
  86  7:39  SCV x2  
  76  7:51  Factory Tech Lab, Hellion x2  
  76  8:03  Hellion x2  
  80  8:07  Command Center  
  80  8:11  Terran Vehicle Weapons Level 2, Command Center  
  80  8:13  SCV x2  
  80  8:15  Starport Reactor  
  80  8:16  Barracks Tech Lab  
  82  8:25  SCV  
  82  8:27  Engineering Bay, Siege Tank  
  83  8:28  Infernal Pre-Igniter  
  83  8:30  Refinery, Factory  
  83  8:31  Refinery  
  89  8:46  Armory, Hellion x2  
  92  8:54  Hellion x2  
  96  8:59  Widow Mine  
  96  9:00  Thor  
  101  9:08  Missile Turret  
  101  9:09  Missile Turret  
  101  9:13  Missile Turret  
  101  9:14  Missile Turret  
  101  9:15  SCV x2  
  103  9:24  Orbital Command, Supply Depot  
  81  9:39  Hellion x2  
  81  9:40  Siege Tank, Hellion  
  81  9:41  Hellion  
  81  9:44  SCV x2  
  94  9:49  Terran Vehicle And Ship Armor Level 1  
  94  9:54  SCV  
  94  9:56  SCV x2  
  94  9:58  Siege Tank  
  94  9:59  Medivac x2  
  104  10:00  Siege Tank  
  104  10:03  SCV  
  104  10:06  SCV, Hellion x2  
  113  10:08  SCV x2  
  113  10:12  Supply Depot  
  115  10:14  Supply Depot  
  115  10:15  SCV  
  115  10:20  Supply Depot  
  114  10:21  Supply Depot  
  110  10:29  Siege Tank, Hellion x4  
  121  10:38  Siege Tank x2, SCV x2  
  129  10:45  Missile Turret  
  129  10:48  SCV x2  
  131  10:52  Factory  
  131  10:53  Factory  
  131  10:54  SCV x2  
  133  11:00  SCV  
  133  11:03  Supply Depot  
  134  11:08  Hellion  
  134  11:09  Siege Tank, Hellion x2  
  134  11:10  Siege Tank  
  138  11:16  Hellion x2  
  142  11:22  Supply Depot  
  142  11:28  Supply Depot  
  142  11:29  Supply Depot  
  142  11:30  Viking x2  
  146  11:33  SCV x2  
  146  11:37  Siege Tank  
  151  11:42  Terran Vehicle Weapons Level 3  
  151  11:46  Planetary Fortress  
  151  11:50  Factory Tech Lab  
  151  11:51  Factory Tech Lab  
  151  11:56  SCV x2  
  151  12:00  Refinery  
  153  12:03  Refinery  
  153  12:07  Hellion  
  153  12:08  Siege Tank, Hellion x3  
  164  12:16  Supply Depot  
  164  12:18  Missile Turret  
  164  12:20  Missile Turret  
  164  12:26  Siege Tank  
  164  12:27  Siege Tank x2  
  164  12:29  SCV x2  
  175  12:33  Terran Vehicle And Ship Armor Level 2  
  175  12:49  Siege Tank x2, Hellion x3  
  160  12:58  Siege Tank  
  160  13:04  Siege Tank  
  160  13:05  Medivac x2  
  164  13:07  Siege Tank  
  164  13:13  Hellion x3  
  170  13:21  Siege Tank  
  170  13:26  Hellion x2  
  167  13:31  Hellion  
  167  13:32  Starport  
  137  13:42  Siege Tank, Hellion x2  
  137  13:46  Thor  
  146  14:01  Viking x2  
  132  14:22  Refinery, Command Center  
  132  14:26  Missile Turret x2  
  132  14:27  Missile Turret  
  132  14:31  Sensor Tower  
  123  14:46  Thor, Viking x2  
  123  14:50  Siege Tank x2  
  136  15:01  Starport Reactor  
  123  15:14  Siege Tank x2, Hellion x2  
  123  15:19  SCV x2  
  135  15:26  Terran Vehicle And Ship Armor Level 3  
  135  15:35  Thor  
  135  15:42  Sensor Tower  
  141  15:45  SCV x2, Hellion  
  141  15:46  Hellion  
  147  15:53  Thor  
  153  15:57  Orbital Command  
  153  16:03  Viking  
  155  16:11  Thor  
  161  16:19  Thor  
  161  16:20  Starport  
  167  16:33  Thor  
  173  16:58  Siege Tank x2, Hellion x3  
  185  17:03  Command Center  
  134  17:16  Siege Tank x2  
  137  17:23  Hellion x4  
  137  17:29  Viking x3  
  157  17:46  Starport Tech Lab  
  157  17:50  Fusion Core  
Tags
 
Add a new tag
Caveats
  • Supply blocks, unpowered buildings, or Contaminate may cause inaccurate times.
  • Supply counts are checked every 10 seconds.